 Dungeon Crawl Stone Soup version 0.21.0-24-g2553a33 (webtiles) character file.

496 Monsterracer the Shooter (level 7, -3/66 HPs)
             Began as a Naga Hunter on Jan 19, 2018.
             Slain by a gnoll sergeant
             ... wielding a +0 trident
              (14 damage)
             ... on level 4 of the Dungeon.
             The game lasted 00:05:05 (3513 turns).

Monsterracer the Shooter (Naga Hunter)              Turns: 3513, Time: 00:05:06

Health: -3/66      AC:  6    Str: 16    XL:     7   Next: 15%
Magic:  7/7        EV:  8    Int: 12    God:
Gold:   158        SH:  0    Dex: 11    Spells: 2/6 levels left

rFire    . . .     SeeInvis +   a - +1 shortbow
rCold    . . .     Gourm    .   (shield currently unavailable)
rNeg     . . .     Faith    .   q - +0 ring mail
rPois    +         Spirit   .   (no helmet)
rElec    .         Reflect  .   m - +0 cloak
rCorr    .         Harm     .   (no gloves)
MR       +....                  (no barding)
Stlth    +.........             p - amulet of regeneration
HPRegen  0.61/turn              t - ring of protection from magic {!d}
MPRegen  0.10/turn              (no ring)

@: short of breath, very slow
A: large, see invisible, deformed body, poison resistance, slowness 2, slow
metabolism 1, spit poison 1, AC +2
a: Spit Poison


You were on level 4 of the Dungeon.
You were hungry.

You visited 1 branch of the dungeon, and saw 5 of its levels.

You collected 158 gold pieces.

Inventory:

Hand Weapons
 a - a +1 shortbow (weapon)
 b - a +0 whip of venom
Missiles
 d - 88 arrows (quivered)
Armour
 m - a +0 cloak (worn)
 q - a +0 ring mail (worn)
Jewellery
 p - an amulet of regeneration (around neck)
 t - a ring of protection from magic (left hand) {!d}
Scrolls
 f - 3 scrolls of remove curse
 j - a scroll of teleportation
 o - a scroll of fear {!r}
Potions
 e - a potion of mutation {unknown}
 g - a potion of haste
 h - 3 potions of curing
 i - a potion of brilliance
 l - a potion of lignification {unknown}
 n - 2 potions of cancellation
 r - a potion of agility
 s - a potion of might {unknown}
Comestibles
 c - 9 rations
 k - a chunk of flesh


   Skills:
 + Level 4.4 Fighting
 * Level 6.5 Bows
 - Level 1.0 Armour
 - Level 1.5 Dodging
 - Level 1.5 Stealth


You had 2 spell levels left.
You knew the following spells:

 Your Spells              Type           Power        Failure   Level  Hunger
c - Regeneration          Chrm/Necr      #.........   88%         3    ####...
z - Apportation           Tloc           #.....       54%         1    ##.....


Dungeon Overview and Level Annotations

Branches:
Dungeon (5/15)
 Temple: D:4-7

Altars:
Fedhas
Hepliaklqana
Trog
Vehumet
The Shining One


Innate Abilities, Weirdness & Mutations

You cannot wear boots.
Your serpentine skin is tough. (AC +2)
You have supernaturally acute eyesight. (SInv)
Armour fits poorly on your strangely shaped body.
Your system is resistant to poisons. (rPois)
You cover ground very slowly.
You have a slow metabolism.
You can spit poison.


Message History

Press: ? - help, Shift-Dir - straight line, f - gnoll
Aim: a gnoll The splash of poison hits the gnoll.
The gnoll appears unharmed.
You feel slightly more hungry. The gnoll hits you.
You take 4 damage, and have 47/66 hp.
You barely miss the gnoll. The gnoll hits you but does no damage.
You hit the gnoll.
The gnoll is heavily wounded.
The gnoll hits you.
You take 2 damage, and have 45/66 hp.
You hit the gnoll.
The gnoll is poisoned.
The gnoll is severely wounded.
The gnoll hits you.
You take 3 damage, and have 42/66 hp.
You closely miss the gnoll.
The gnoll is severely wounded.
You have got your breath back.
The gnoll hits you.
You take 1 damage, and have 41/66 hp.
You hit the gnoll.
You kill the gnoll!
There is a stone staircase leading down, spattered with blood here.
You start resting.
HP restored.
Health restored: 66 You climb downwards.
The gnoll sergeant hits you but does no damage.
The gnoll sergeant hits you with a trident.
There is a stone staircase leading up here.
You see here a throwing net.
You take 2 damage, and have 64/66 hp.
The gnoll hits you.
You climb upwards.
There is a stone staircase leading down, spattered with blood here.
You take 3 damage, and have 61/66 hp.
You barely miss the gnoll.
The gnoll sergeant hits you with a trident!
The gnoll barely misses you.
You take 12 damage, and have 49/66 hp.
You hit the gnoll.
The gnoll is poisoned.
The gnoll is moderately wounded.
The gnoll sergeant hits you with a trident!
The gnoll hits you but does no damage.
You take 13 damage, and have 36/66 hp.
Press: ? - help, Shift-Dir - straight line, f - gnoll sergeant
Aim: a gnoll sergeant, wielding a trident and wearing a scale mail The splash of poison hits the gnoll sergeant.
The gnoll sergeant is poisoned.
The gnoll sergeant is moderately wounded.
You are feeling hungry.
The gnoll sergeant hits you with a trident.
* * * LOW HITPOINT WARNING * * *
The gnoll hits you.
* * * LOW HITPOINT WARNING * * *
You take 6 damage, and have 30/66 hp.
You hit the gnoll but do no damage.
The gnoll looks as sick as possible!
The gnoll is severely wounded.
You kill the gnoll!
The gnoll sergeant closely misses you.
Unknown command.
You hit the gnoll sergeant.
The gnoll sergeant is heavily wounded.
The gnoll sergeant hits you with a trident.
* * * LOW HITPOINT WARNING * * *
Your ring mail prevents you from hitting the gnoll sergeant.
The gnoll sergeant is heavily wounded.
The gnoll sergeant hits you with a trident.
* * * LOW HITPOINT WARNING * * *
You take 1 damage, and have 29/66 hp.
You closely miss the gnoll sergeant.
The gnoll sergeant is heavily wounded.
The gnoll sergeant hits you with a trident!
* * * LOW HITPOINT WARNING * * *
You take 9 damage, and have 20/66 hp.
Your +0 whip of venom stops dripping with poison.
a - a +1 shortbow (weapon)
The gnoll sergeant looks more healthy.
The gnoll sergeant hits you with a trident!
* * * LOW HITPOINT WARNING * * *
You take 6 damage, and have 14/66 hp.
Firing (i - inventory):
d - 90 arrows (quivered)
Press: ? - help, Shift-Dir - straight line, f/p - gnoll sergeant
Aim: a gnoll sergeant, wielding a trident and wearing a scale mail (heavily wounded)
You shoot an arrow.
The arrow barely misses the gnoll sergeant.
You have got your breath back.
The gnoll sergeant hits you with a trident.
* * * LOW HITPOINT WARNING * * *
You take 5 damage, and have 9/66 hp.
Press: ? - help, Shift-Dir - straight line, f/p - gnoll sergeant
Aim: a gnoll sergeant, wielding a trident and wearing a scale mail (heavily wounded)
The splash of poison misses the gnoll sergeant.
You feel slightly more hungry. The gnoll sergeant barely misses you.
Firing (i - inventory):
d - 89 arrows (quivered)
Press: ? - help, Shift-Dir - straight line, f/p - gnoll sergeant
Aim: a gnoll sergeant, wielding a trident and wearing a scale mail (heavily wounded)
You shoot an arrow. The arrow hits the gnoll sergeant!
The gnoll sergeant is almost dead.
The gnoll sergeant hits you with a trident!
You die...

#.# #.#......# #.# #...###..#
#.##### ##### #..#
......###########..##############
#.###.......†....................
#.# ###########......#.##########
#.# #...####.# #.# #..†# #.# #
#.# #.@.# #.# # #.# #g..# #.# #
#.# #...# #.# # #.# ###.# #.# #
..# #########.# #.####### # #.#
#.........# #.......# # #.#
#.#######.# #######.# # #.# #.#
#.##########.## # #.# #.#
#.............# #


You could see a gnoll sergeant.

Vanquished Creatures
  Grinder (D:5)
  An ogre (D:4)
  A hound (D:3)
  A worker ant (D:4)
  3 adders
  6 gnolls
  2 adder skeletons (D:4)
  A worm (D:2)
  2 dart slugs
  A leopard gecko (D:3)
  5 orcs (D:3)
  5 giant cockroaches
  6 goblins
  3 hobgoblins
  3 jackals (D:1)
  A quokka (D:4)
  8 bats
  7 frilled lizards
  A jackal skeleton (D:4)
  3 kobolds
  8 rats
69 creatures vanquished.

Notes
Turn   | Place    | Note
-------+----------+-------------------------------------------
     0 | D:1      | Monsterracer the Naga Hunter began the quest for the Orb.
     0 | D:1      | Reached XP level 1. HP: 19/19 MP: 1/1
   104 | D:1      | Reached XP level 2. HP: 18/26 MP: 2/2
   231 | D:1      | HP: 13/26 [jackal (2)]
   233 | D:1      | Reached skill level 4 in Bows
   894 | D:1      | Reached XP level 3. HP: 29/33 MP: 3/3
  1462 | D:2      | Found a hazy altar of Hepliaklqana.
  1825 | D:2      | Found a radiant altar of Vehumet.
  1906 | D:2      | Learned a level 1 spell: Apportation
  2003 | D:3      | Reached XP level 4. HP: 40/40 MP: 4/4
  2250 | D:3      | HP: 20/42 [gnoll/spear (2)]
  2254 | D:3      | Reached skill level 5 in Bows
  2254 | D:3      | Reached XP level 5. HP: 19/49 MP: 5/5
  2255 | D:3      | HP: 16/49 [gnoll/spear (2)]
  2260 | D:3      | HP: 14/49 [gnoll/spear (1)]
  2265 | D:3      | HP: 6/49 [gnoll/spear (2)]
  2353 | D:3      | Found a blossoming altar of Fedhas.
  2621 | D:3      | Reached skill level 1 in Armour
  2646 | D:3      | Found a bloodstained altar of Trog.
  2771 | D:3      | Found a glowing golden altar of the Shining One.
  2877 | D:4      | Noticed an ogre
  2883 | D:4      | Killed an ogre
  2883 | D:4      | Reached XP level 6. HP: 55/57 MP: 6/6
  2965 | D:4      | Learned a level 3 spell: Regeneration
  3436 | D:5      | Entered Level 5 of the Dungeon
  3436 | D:5      | Noticed Grinder
  3445 | D:5      | Killed Grinder
  3445 | D:5      | Reached skill level 6 in Bows
  3445 | D:5      | Reached XP level 7. HP: 66/66 MP: 7/7
  3505 | D:4      | HP: 32/66 [gnoll sergeant/trident (5)]
  3510 | D:4      | HP: 14/66 [gnoll sergeant/trident (7)]
  3513 | D:4      | Slain by a gnoll sergeant

Skill      XL: |  1  2  3  4  5  6 |
---------------+-------------------+-----
Bows           | 4 5 6 |  6.5
Fighting       | 3 4 |  4.4
Armour         | 1 |  1.0
Dodging        | |  1.5
Stealth        | |  1.5

Action                   |  1- 3 |  4- 6 |  7- 9 || total
-------------------------+-------+-------+-------++-------
Melee: Short sword       |    24 |       |       ||    24
       Whip              |    47 |   115 |    14 ||   176
 Fire: Shortbow          |    15 |    41 |     3 ||    59
 Abil: Spit Poison       |     7 |     7 |     4 ||    18
  Use: Scroll            |       |    11 |       ||    11
 Stab: Sleeping          |     2 |       |       ||     2
  Eat: Chunk             |     2 |     5 |       ||     7
Armor: Leather armour    |    19 |       |       ||    19
       Ring mail         |    19 |    76 |     3 ||    98
       Scale mail        |     1 |       |       ||     1
Dodge: Dodged            |    49 |    66 |     4 ||   119

Vault maps used:
D:1:      nzn_arrival_crosshair
D:2:      marbit_many_paths, lemuel_crystal_altar, corexii_corridor_pit
D:3:      tso_altar, old_standard_altar, trog_three_pillars_becter
D:4:      first_ration
D:5:      minmay_temple_entry_crystal_x, serial_shops, shop, uniq_grinder
